 Dungeon Crawl Stone Soup version 0.22-a0-348-gd16d139 (webtiles) character file.

3902 b5mith the Basher (level 10, -2/99 HPs)
             Began as a Minotaur Berserker on Apr 8, 2018.
             Was a High Priest of Trog.
             Slain by an orc warrior
             ... wielding a +0 hand axe
              (5 damage)
             ... in a bailey.
             The game lasted 00:20:07 (5813 turns).

b5mith the Basher (Minotaur Berserker)              Turns: 5813, Time: 00:20:08

Health: -2/99      AC: 11    Str: 24    XL:     10   Next: 0%
Magic:  9/9        EV: 12    Int:  4    God:    Trog [*****.]
Gold:   342        SH:  5    Dex: 11    Spells: 9/9 levels left

rFire    . . .     SeeInvis .   a - +0 mace
rCold    . . .     Gourm    .   (no shield)
rNeg     . . .     Faith    .   O - +3 leather armour
rPois    .         Spirit   .   (helmet restricted)
rElec    .         Reflect  +   d - +0 cloak
rCorr    .         Harm     .   (no gloves)
MR       .....                  l - +0 pair of boots
Stlth    +.........             e - +5 amulet of reflection
HPRegen  0.26/turn              n - +3 ring of protection
MPRegen  0.11/turn              (no ring)

@: berserk cooldown, slowed, very slow
A: retaliatory headbutt, horns 2
a: Berserk, Trog's Hand, Brothers in Arms, Renounce Religion


You were in a bailey.
You worshipped Trog.
Trog was extremely pleased with you.
You were very hungry.

You visited 1 branch of the dungeon, and saw 7 of its levels.
You also visited: Bailey.

You collected 342 gold pieces.

Inventory:

Hand Weapons
 a - a +0 mace (weapon)
 N - a +5 antimagic bardiche
   (Trog gifted it to you in a bailey)
Missiles
 g - 2 javelins (quivered)
 H - 6 poisoned javelins
 J - 3 tomahawks of returning
Armour
 b - a +0 animal skin
 d - a +0 cloak (worn)
   (You found it on level 2 of the Dungeon)
 l - a +0 pair of boots (worn)
   (You found it on level 1 of the Dungeon)
 u - a +0 scale mail
   (You found it on level 2 of the Dungeon)
 C - a +0 troll leather armour {Purgy}
   (You found it on level 4 of the Dungeon)
 E - the +2 ring mail "Uvis" {rN+ rCorr Str-3}
   (You took it off an orc on level 5 of the Dungeon)

   It affects your strength (-3).
   It protects you from negative energy.
   It protects you from acid and corrosion.
 O - a +3 leather armour (worn)
   (You took it off a goblin in a bailey)
Jewellery
 e - a +5 amulet of reflection (around neck)
   (You found it on level 1 of the Dungeon)
 n - a +3 ring of protection (left hand)
   (You found it on level 1 of the Dungeon)
 y - an uncursed ring of protection from fire
   (You found it on level 3 of the Dungeon)
 G - an uncursed ring of protection from cold
   (You took it off an orc warrior on level 6 of the Dungeon)
 M - an uncursed amulet of harm {unknown}
   (You found it on level 7 of the Dungeon)
Wands
 r - a wand of flame (23)
   (You took it off Sigmund on level 2 of the Dungeon)
Scrolls
 h - a scroll of immolation {unknown}
 o - 8 scrolls of identify {@r1}
 p - 5 scrolls of remove curse {@r2}
 t - 3 scrolls of teleportation
 v - a scroll of fog {unknown}
 F - a scroll of magic mapping {unknown}
 I - a scroll of random uselessness {unknown}
 L - 2 scrolls of enchant weapon {unknown}
 P - a scroll of blinking {unknown}
Potions
 f - a potion of lignification {unknown}
 i - a potion of berserk rage {unknown}
 j - a potion of ambrosia {unknown}
 k - 4 potions of magic {unknown}
 m - 3 potions of flight {unknown}
 q - 2 potions of might {unknown}
 s - 8 potions of curing {@q1}
 w - 3 potions of haste {unknown}
 z - a potion of brilliance {unknown}
 A - a potion of heal wounds {unknown}
 B - 2 potions of degeneration {unknown}
 D - 2 potions of resistance
 K - a potion of agility
Comestibles
 c - 6 rations
 x - 16 chunks of flesh


   Skills:
 + Level 12.3 Fighting
 + Level 12.3 Maces & Flails
 - Level 2.4 Armour
 - Level 2.1 Dodging


You had 9 spell levels left.
You didn't know any spells.

Dungeon Overview and Level Annotations

Branches:
Dungeon (7/15)             Temple (0/1) D:5

Altars:
Dithmenos
Fedhas
Trog
Xom


Innate Abilities, Weirdness & Mutations

You reflexively headbutt those who attack you in melee.
You have a pair of horns on your head.


Message History

A red film seems to cover your vision as you go berserk!
You feel yourself moving faster!
You feel mighty!
You are feeling very hungry.
The orc warrior misses you.
You barely miss the orc warrior. You sock the orc warrior!
The orc warrior is moderately wounded.
The orc warrior hits you with a hand axe!!
You closely miss the orc warrior.
The orc warrior is moderately wounded.
You hit the orc warrior.
The orc warrior is moderately wounded.
You thump the orc warrior! Your headbutt misses the orc warrior.
The orc warrior is almost dead.
The orc warrior hits you with a hand axe!!
* * * LOW HITPOINT WARNING * * *
The orc warlord closely misses you.
There is an open door, spattered with blood here.
Items here: ))))))))) [[[[[[[[[ ÷÷÷÷ You completely miss the orc warlord.
You headbutt the orc warlord.
The orc warlord is lightly wounded.
You barely miss the orc warlord. You headbutt the orc warlord.
The orc warlord is lightly wounded.
You block the orc warrior's attack.
You hit the orc warlord. You headbutt the orc warlord!
The orc warlord is lightly wounded.
The orc warlord hits you with a great mace!!
* * * LOW HITPOINT WARNING * * *
The hobgoblin hits you with a hand axe.
* * * LOW HITPOINT WARNING * * *
You closely miss the orc warlord.
The orc warlord is lightly wounded.
The orc knight misses you. You furiously retaliate!
You headbutt the orc knight!
The orc warrior hits you but does no damage.
You hit the orc warlord but do no damage.
You headbutt the orc warlord, but do no damage.
The orc warlord is lightly wounded.
The orc warlord hits you with a great mace!!!
* * * LOW HITPOINT WARNING * * *
The hobgoblin hits you but does no damage.
The orc warrior barely misses you.
Things that are here:
an enchanted hand axe; a leather armour You feel a strong urge to attack something.
You are no longer berserk.
You are exhausted.
You feel yourself slow down.
The orc warrior hits you with a hand axe.
You die... ....o8# .go.o

#...........#.. .....###
.... ###.........##..
.))###.###oo.
###.###.....###♣..
.#)#.....###.###.....#'#.###
♣♣♣
##.).......###.......))### ♣
#...........#...........#
#...........#...........#
#.....⌠.....#.....⌠.....#
#.........gogo.o@.......#
#...........#...........#
##.........###.........##
###.....### ###.....###
###.### ###.### ### ###


You could see an orc warlord, an orc knight, an orc warrior and 2 hobgoblins.

Vanquished Creatures
  The ghost of Shade the Skirmisher, an amateur MiBe of Trog (D:4)
  The ghost of NervFog the Gusty, an amateur TeAE (D:3)
  Sigmund (D:2)
  A hungry ghost (D:7)
  9 orc warriors
  A sky beast (D:6)
  Purgy (D:4)
  An ogre (D:5)
  3 centaurs
  2 phantoms
  A necrophage (D:7)
  A bullfrog (D:6)
  A scorpion (D:5)
  5 killer bees (D:7)
  A howler monkey (D:6)
  5 hounds
  A jelly (D:6)
  3 orc priests
  9 orc wizards
  A centaur skeleton (D:4)
  Terence (D:2)
  2 iguanas
  Natasha (thrice) (D:2)
  7 worker ants
  3 hound skeletons
  8 gnolls (Bailey)
  8 adders
  3 shadow imps
  2 adder zombies
  An adder skeleton (D:5)
  5 worms
  5 dart slugs
  3 leopard geckos
  38 orcs
  3 giant cockroaches (D:1)
  23 goblins
  11 hobgoblins
  13 jackals
  7 kobolds
  8 quokkas
  6 bats
  5 frilled lizards
  2 quokka zombies
  11 rats
  A plant (D:2)
228 creatures vanquished.

Vanquished Creatures (others)
  The ghost of HardKase the Digger, a novice GrEE of Sif Muna (D:5)
  A plant (D:2)
2 creatures vanquished.

Grand Total: 230 creatures vanquished

Notes
Turn   | Place    | Note
-------+----------+-------------------------------------------
     0 | D:1      | b5mith the Minotaur Berserker began the quest for the Orb.
     0 | D:1      | Reached XP level 1. HP: 19/19 MP: 0/0
    21 | D:1      | Reached XP level 2. HP: 12/27 MP: 1/1
   415 | D:1      | Found a shimmering altar of Xom.
   630 | D:2      | Reached XP level 3. HP: 17/34 MP: 2/2
   892 | D:2      | Noticed Sigmund
   902 | D:2      | Killed Sigmund
   902 | D:2      | Reached ** piety under Trog
   902 | D:2      | Reached skill level 5 in Maces & Flails
   902 | D:2      | Reached XP level 4. HP: 44/44 MP: 3/3
   902 | D:2      | Reached XP level 5. HP: 50/50 MP: 4/4
   909 | D:2      | Noticed Natasha
  1234 | D:2      | Killed Natasha
  1295 | D:2      | Reached XP level 6. HP: 57/57 MP: 5/5
  1310 | D:2      | Noticed Terence
  1330 | D:2      | Killed Terence
  1426 | D:2      | Noticed Natasha
  1433 | D:2      | Killed Natasha
  1441 | D:2      | Found a bloodstained altar of Trog.
  1517 | D:2      | Noticed Natasha
  1530 | D:2      | Killed Natasha
  2176 | D:3      | Noticed NervFog's ghost (amateur TeAE)
  2186 | D:3      | Killed NervFog's ghost
  2186 | D:3      | Reached XP level 7. HP: 66/66 MP: 6/6
  2194 | D:3      | Reached *** piety under Trog
  2579 | D:4      | Noticed Purgy
  2591 | D:4      | Killed Purgy
  2599 | D:4      | Noticed Shade's ghost (amateur MiBe)
  2603 | D:4      | Killed Shade's ghost
  2860 | D:4      | Reached XP level 8. HP: 56/77 MP: 7/7
  3264 | D:5      | Entered Level 5 of the Dungeon
  3326 | D:5      | Killed HardKase's ghost
  3577 | D:5      | Reached **** piety under Trog
  3581 | D:5      | Got a shimmering ring mail
  3593 | D:5      | Found a blossoming altar of Fedhas.
  3610 | D:5      | Reached skill level 10 in Fighting
  3610 | D:5      | Reached skill level 10 in Maces & Flails
  4162 | D:5      | Found a staircase to the Ecumenical Temple.
  4337 | D:6      | Reached XP level 9. HP: 32/86 MP: 8/8
  4435 | D:6      | Found a shadowy altar of Dithmenos.
  4521 | D:6      | Received a gift from Trog
  4946 | D:7      | Identified the +2 ring mail "Uvis" {rN+ rCorr Str-3} (You took it off an orc on level 5 of the Dungeon)
  5351 | D:7      | Found a flagged portal.
  5368 | Bailey   | Entered a bailey
  5466 | Bailey   | Reached ***** piety under Trog
  5614 | Bailey   | Received a gift from Trog
  5701 | Bailey   | Reached XP level 10. HP: 92/99 MP: 9/9
  5773 | Bailey   | Noticed an orc warlord
  5773 | Bailey   | Noticed an orc knight
  5809 | Bailey   | HP: 3/148 [orc warlord/great mace (36)]
  5813 | Bailey   | Slain by an orc warrior

Vault maps used:
D:1:      scummos_arrival_forest, xom_teletrap_fun
D:2:      wad_woods_stonehenge, uniq_natasha, uniq_terence, uniq_sigmund
D:4:      first_ration, due_unseen_surprise, uniq_purgy
D:5:      fedhas_altar_2, lemuel_temple_firewalk_a
D:6:      zaba_anthole, nicolae_dithmenos_shadow_blocks
D:7:      enter_bailey_3
Bailey:   bailey_axe_minmay_hex_keep, bailey

Skill      XL: |  1  2  3  4  5  6  7  8  9 |
---------------+----------------------------+-----
Fighting       | 4 6 7 8 10 12 | 12.3
Maces & Flails | 4 5 6 7 8 10 12 | 12.3
Armour         | |  2.4
Dodging        | |  2.1

Action                   |  1- 3 |  4- 6 |  7- 9 | 10-12 || total
-------------------------+-------+-------+-------+-------++-------
Melee: Mace              |    54 |   122 |   445 |    27 ||   648
       Headbutt          |    11 |    27 |    78 |     6 ||   122
Invok: Berserk           |     1 |     1 |     5 |     1 ||     8
Evoke: Wand              |       |     1 |       |       ||     1
  Use: Scroll            |       |       |     8 |       ||     8
  Eat: Chunk             |       |     5 |    20 |       ||    25
Armor: Animal skin       |     9 |     3 |       |       ||    12
       Scale mail        |       |     7 |    22 |       ||    29
       Troll leather arm |       |       |    99 |       ||    99
       Leather armour    |       |       |     1 |     2 ||     3
Dodge: Dodged            |    37 |    67 |   168 |    18 ||   290
Block: Other             |    11 |    27 |    78 |     3 ||   119
       Reflection        |     1 |     1 |     3 |       ||     5

Table legend:
 A = Spawn XP
 B = Non-spawn XP
 C = Spawn XP percentage of total XP
 D = Spawn monster count
 E = Non-spawn monster count
 F = Spawn count percentage of total count
 G = Total turns spent on level
                    A         B        C        D         E        F      G
               +---------+---------+-------+---------+---------+-------+---------
         Total |       0 |    5575 |   0.0 |       0 |     227 |   0.0 |  5813
               +---------+---------+-------+---------+---------+-------+---------
           D:1 |       0 |      36 |   0.0 |       0 |      20 |   0.0 |   592
           D:2 |       0 |     460 |   0.0 |       0 |      31 |   0.0 |  1140
           D:3 |       0 |     331 |   0.0 |       0 |      18 |   0.0 |   682
           D:4 |       0 |     721 |   0.0 |       0 |      15 |   0.0 |   850
           D:5 |       0 |     859 |   0.0 |       0 |      30 |   0.0 |   992
           D:6 |       0 |    1118 |   0.0 |       0 |      31 |   0.0 |   616
           D:7 |       0 |     927 |   0.0 |       0 |      26 |   0.0 |   496
        Bailey |       0 |    1123 |   0.0 |       0 |      56 |   0.0 |   445
               +---------+---------+-------+---------+---------+-------+---------
